 Dungeon Crawl Stone Soup version 0.31-a0-859-g9dce7d3444 (webtiles) character file.

Game seed: 4558390021159456064

935918 Kurtz the Naga Barricade (level 27, -20/374 HPs)
             Began as a Naga Delver on Oct 9, 2023.
             Was the Champion of the Shining One.
             Killed from afar by Asmodeus (38 damage)
             ... with damnation
             ... on level 7 of Gehenna on Oct 10, 2023.
             The game lasted 03:32:43 (105542 turns).

Kurtz the Naga Barricade (Naga Delver)            Turns: 105542, Time: 03:32:45

Health: -20/374    AC: 42    Str: 25    XL:     27
Magic:  56/60      EV: 21    Int: 19    God:    the Shining One [******]
Gold:   4048       SH: 39    Dex: 19    Spells: 47/57 levels left

rFire   + + +        p - +9 broad axe (holy) {white lightning}
rCold   + + +        G - +2 shield of Resistance {rF++ rC++ Will++}
rNeg    + + +        N - melded +14 crystal plate armour
rPois   ∞            I - +2 helmet of the Mind {rC+ rN+ Dex+3}
rElec   +            i - +2 cloak of the Sneaky Olives {rPois rN+ Str+3 Slay+3}
rCorr   +            q - melded +2 pair of gloves {Dex+3}
SInv    +            J - melded +2 barding "Juongosa" {rCorr MP+9 Dex+2}
Will    ++++.        O - amulet of reflection
Stlth   ++           M - ring of Lirghelo {rF+ Will- MP+9 Int+5 Slay+3}
HPRegen 1.62/turn    w - ring "Vumekk" {rN+ rCorr MP+9}
MPRegen 0.37/turn

%: reflection
@: divinely shielded, statue-form, glowing, studying 2 skills, unable to read,
very slow
A: slow and powerful, torment resistance 1, boosted hp, AC +9, large, see
invisible, deformed body, poison resistance, (slowness 2), spit poison 1, naga
tail 2, mutation resistance 1, regeneration 1
}: 5/15 runes: decaying, slimy, silver, abyssal, gossamer
a: Spit Poison, Begin Untransformation, Renounce Religion, Divine Shield,
Cleansing Flame, Summon Divine Warrior


You were on level 7 of Gehenna.
You worshipped the Shining One.
The Shining One was exalted by your worship.
You were a living statue of rough stone.
You visited 15 branches of the dungeon, and saw 65 of its levels.
You visited the Abyss 79 times.
You visited 1 bazaar.
You also visited: Bailey and Ice Cave.

You collected 29655 gold pieces.
You spent 10602 gold pieces at shops.
You donated 174 gold pieces to Zin.
You paid 14831 gold pieces to Gozag.

Inventory:

Hand Weapons
 p - a +9 broad axe of holy wrath (weapon) {white lightning}
Missiles
 y - 11 curare-tipped darts
 Y - a throwing net
Armour
 b - the +4 barding of Syfygoo {+Blink rElec Dex+2}
   (You acquired it on level 2 of the Orcish Mines)

   Dex+2:     It affects your dexterity (+2).
   rElec:     It insulates you from electricity.
   +Blink:    It lets you blink.
 i - the +2 cloak of the Sneaky Olives (worn) {rPois rN+ Str+3 Slay+3}
   (You found it on level 1 of the Vaults)

   Str+3:     It affects your strength (+3).
   Slay+3:    It affects your accuracy & damage with ranged weapons and melee
   (+3).
   rPois:     It protects you from poison rN+: It protects you from negative
   energy.
 q - a +2 pair of gloves of dexterity (melded)
 B - a +4 tower shield
 G - the +2 shield of Resistance (worn) {rF++ rC++ Will++}
   (You found it on level 15 of the Dungeon)

   rF++:      It greatly protects you from fire.
   rC++:      It greatly protects you from cold.
   Will++:    It greatly increases your willpower.
 I - the +2 helmet of the Mind (worn) {rC+ rN+ Dex+3}
   (You bought it in a shop on level 1 of the Lair of Beasts)

   Dex+3:     It affects your dexterity (+3).
   rC+:       It protects you from cold.
   rN+:       It protects you from negative energy.
 J - the +2 barding "Juongosa" (melded) {rCorr MP+9 Dex+2}
   (You acquired it on level 12 of the Dungeon)

   Dex+2:     It affects your dexterity (+2).
   MP+9:      It affects your magic capacity (+9).
   rCorr:     It protects you from acid and corrosion.
 N - a +14 crystal plate armour (melded)
 T - the +2 helmet of Instinct {rElec Int+8 Dex+3 Stlth-}
   (You acquired it on level 2 of the Orcish Mines)

   Int+8:     It affects your intelligence (+8).
   Dex+3:     It affects your dexterity (+3).
   rElec:     It insulates you from electricity.
   Stlth-:    It makes you less stealthy.
Jewellery
 k - the ring of Miskison {rF+ Will+ Int+5}
   (You bought it in a shop on level 2 of the Depths)

   [ring of willpower]

   Int+5:     It affects your intelligence (+5).
   rF+:       It protects you from fire.
   Will+:     It increases your willpower.
 w - the ring "Vumekk" (right fist) {rN+ rCorr MP+9}
   (You took it off a deep elf zephyrmancer on level 2 of the Elven Halls)

   [ring of magical power]

   rN+:       It protects you from negative energy.
   MP+9:      It affects your magic capacity (+9).
   rCorr:     It protects you from acid and corrosion.
 A - the ring of Cusiame {rC+ Will+ rCorr Int+5 Dex-5}
   (You took it off a deep elf death mage on level 2 of the Elven Halls)

   [ring of willpower]

   Int+5:     It affects your intelligence (+5).
   Dex-5:     It affects your dexterity (-5).
   rC+:       It protects you from cold.
   Will+:     It increases your willpower.
   rCorr:     It protects you from acid and corrosion.
 D - the ring of Calavob {Wiz +Blink rElec Slay+3}
   (You found it on level 4 of the Abyss)

   [ring of wizardry]

   Wiz:       It improves your spell success rate.
   Slay+3:    It affects your accuracy & damage with ranged weapons and melee
   (+3).
   rElec:     It insulates you from electricity.
   +Blink:    It lets you blink.
 M - the ring of Lirghelo (left fist) {rF+ Will- MP+9 Int+5 Slay+3}
   (You took it off a vault sentinel on level 4 of the Vaults)

   [ring of magical power]

   Int+5:     It affects your intelligence (+5).
   Slay+3:    It affects your accuracy & damage with ranged weapons and melee
   (+3).
   rF+:       It protects you from fire.
   Will-:     It decreases your willpower.
   MP+9:      It affects your magic capacity (+9).
 O - an amulet of reflection (around neck)
 Q - the ring "Gihucs" {rElec rC++ rN+ Int+2 SInv}
   (You bought it in a shop on level 2 of the Depths)

   [ring of see invisible]

   Int+2:     It affects your intelligence (+2).
   rC++:      It greatly protects you from cold.
   rElec:     It insulates you from electricity.
   rN+:       It protects you from negative energy.
   SInv:      It lets you see invisible.
Talismans
 Z - a granite talisman (active)
Wands
 a - a wand of iceblast (44)
 g - a wand of digging (17)
 v - a wand of mindburst (26)
 z - a wand of paralysis (2) (quivered)
 W - a wand of acid (15)
Scrolls
 c - 10 scrolls of fog
 d - 7 scrolls of revelation
 h - a scroll of immolation
 j - 2 scrolls of silence
 m - 6 scrolls of blinking
 r - 3 scrolls of poison
 x - 33 scrolls of teleportation
 C - 4 scrolls of noise
 E - 2 scrolls of summoning
 S - 7 scrolls of fear
Potions
 f - 6 potions of haste
 l - 11 potions of heal wounds
 o - 5 potions of brilliance
 s - 9 potions of mutation
 t - 9 potions of might
 u - 8 potions of enlightenment
 H - 2 potions of cancellation
 K - 5 potions of invisibility
 L - 9 potions of magic
 P - 4 potions of berserk rage
 R - 29 potions of curing
 V - 6 potions of resistance
 X - 2 potions of ambrosia
Miscellaneous
 e - a phial of floods
 n - a lightning rod (4/4)
 U - a sack of spiders


   Skills:
 - Level 24.6 Fighting
 - Level 18.0 Axes
 - Level 21.1 Armour
 - Level 18.0 Dodging
 - Level 7.2 Stealth
 O Level 27 Shields
 - Level 15.5 Spellcasting
 - Level 11.8 Transmutations
 - Level 16.0 Fire Magic
 - Level 17.9 Invocations
 * Level 21.8 Shapeshifting


You had 47 spell levels left.
You knew the following spells:

 Your Spells              Type           Power      Damage    Failure   Level
a - Wereblood             Tmut           56%        N/A       1%          2
b - Ignition              Fire           33%        3d10      36%         8

Your spell library contained the following spells:

 Spells                   Type           Power      Damage    Failure   Level
 Foxfire                  Conj/Fire      100%       2x1d9     1%          1
 Ignite Poison            Fire/Tmut/Pois 50%        N/A       1%          3
 Inner Flame              Hex/Fire       45%        N/A       1%          3
 Flame Wave               Conj/Fire      45%        2d12      1%          4
 Sticky Flame             Conj/Fire      45%        2d6       1%          4
 Apportation              Tloc           28%        N/A       4%          1
 Kiss of Death            Conj/Necr      56%        2d9       4%          1
 Magic Dart               Conj           56%        1d5       4%          1
 Necrotise                Necr           56%        1d6       4%          1
 Shock                    Conj/Air       56%        1d6       4%          1
 Summon Small Mammal      Summ           56%        N/A       4%          1
 Fireball                 Conj/Fire      22%        3d10      4%          5
 Blink                    Tloc           28%        N/A       6%          2
 Call Imp                 Summ           28%        N/A       6%          2
 Jinxbite                 Hex            28%        N/A       6%          2
 Lesser Beckoning         Tloc           28%        N/A       6%          2
 Momentum Strike          Conj/Tloc      28%        3d8       6%          2
 Poisonous Vapours        Pois/Air       28%        N/A       6%          2
 Searing Ray              Conj           28%        2d5       6%          2
 Static Discharge         Conj/Air       28%        2-4/arc   6%          2
 Alistair's Intoxication  Tmut/Pois      24%        N/A       11%         5
 Irradiate                Conj/Tmut      18%        3d17      11%         5
 Yara's Violent Unravell  Hex/Tmut       18%        3d9       11%         5
 Call Canine Familiar     Summ           14%        N/A       13%         3
 Confusing Touch          Hex            14%        N/A       13%         3
 Frozen Ramparts          Ice            28%        1d5       13%         3
 Gell's Gravitas          Tloc           14%        N/A       13%         3
 Hailstorm                Conj/Ice       14%        3d5       13%         3
 Mephitic Cloud           Conj/Pois/Air  14%        N/A       13%         3
 Ozocubu's Armour         Ice            14%        N/A       13%         3
 Stone Arrow              Conj/Erth      28%        3d8       13%         3
 Summon Guardian Golem    Hex/Summ       14%        N/A       13%         3
 Swiftness                Air            14%        N/A       13%         3
 Teleport Other           Tloc           14%        N/A       13%         3
 Tukima's Dance           Hex            14%        N/A       13%         3
 Vampiric Draining        Necr           14%        2d7       13%         3
 Plasma Beam              Fire/Air       22%        2x1d34    24%         6
 Starburst                Conj/Fire      22%        6d8       24%         6
 Airstrike                Air            7%         2d(1-17)  38%         4
 Anguish                  Hex/Necr       7%         N/A       38%         4
 Animate Armour           Summ/Erth      28%        N/A       38%         4
 Animate Dead             Necr           14%        N/A       38%         4
 Brom's Barrelling Bould  Conj/Erth      14%        2d4       38%         4
 Dimensional Bullseye     Hex/Tloc       7%         N/A       38%         4
 Dispel Undead            Necr           14%        3d10      38%         4
 Fulminant Prism          Conj/Hex       7%         3d7       38%         4
 Iskenderun's Mystic Bla  Conj/Tloc      14%        2d5       38%         4
 Manifold Assault         Tloc           14%        N/A       38%         4
 Summon Ice Beast         Ice/Summ       14%        N/A       38%         4
 Summon Lightning Spire   Summ/Air       14%        N/A       38%         4
 Vhi's Electric Charge    Tloc/Air       28%        N/A       38%         4
 Eringya's Noxious Bog    Tmut/Pois      18%        4d6       50%         6
 Agony                    Necr           14%        N/A       75%         5
 Arcjolt                  Conj/Air       7%         1d17      75%         5
 Borgnjor's Vile Clutch   Necr/Erth      7%         N/A       75%         5
 Iskenderun's Battlesphe  Conj           14%        2d7       75%         5
 Lee's Rapid Deconstruct  Erth           7%         3d6*      75%         5
 Summon Forest            Summ/Tloc      7%         N/A       75%         5
 Bombard                  Conj/Erth      7%         9d2       100%        6
 Conjure Ball Lightning   Conj/Air       7%         3x3d6     100%        6
 Dispersal                Tloc           7%         N/A       100%        6
 Simulacrum               Ice/Necr       7%         N/A       100%        6
 Summon Cactus Giant      Summ           7%         N/A       100%        6
 Enfeeble                 Hex            7%         N/A       100%        7
 Haunt                    Necr/Summ      7%         N/A       100%        7
 Orb of Destruction       Conj           7%         9d6       100%        7
 Ozocubu's Refrigeration  Ice            7%         4d9       100%        7
 Spellforged Servitor     Conj/Summ      7%         N/A       100%        7
 Summon Hydra             Summ           7%         N/A       100%        7
 Disjunction              Tloc           7%         N/A       100%        8
 Lehudib's Crystal Spear  Conj/Erth      7%         10d3      100%        8
 Maxwell's Capacitive Co  Air            7%         ∞         100%        8
 Chain Lightning          Conj/Air       7%         3d9       100%        9
 Fire Storm               Conj/Fire      22%        8d6       100%        9
 Shatter                  Erth           7%         3d9*      100%        9
 Sublimation of Blood     Necr           Unusable   N/A       N/A         2

Dungeon Overview and Level Annotations

Branches:
Dungeon (15/15)            Temple (1/1) D:5            Lair (5/5) D:10
  Swamp (4/4) Lair:2       Spider (4/4) Lair:3        Slime (5/5) Lair:4
    Orc (2/2) D:9             Elf (3/3) Orc:2        Vaults (5/5) D:13
  Crypt (3/3) Vaults:2       Tomb (1/3) Crypt:3      Depths (4/4) D:15
   Hell (visited)             Dis (0/7) Hell            Geh (7/7) Hell
    Coc (0/7) Hell            Tar (0/7) Hell            Zot (5/5) Depths:4
 Bailey (visited)           IceCv (visited)

Altars:
Ashenzari
Cheibriados
Dithmenos
Elyvilon
Fedhas
Gozag
Hepliaklqana
Kikubaaqudgha
Makhleb
Nemelex Xobeh
Okawaru
Qazlal
Ru
Sif Muna
Trog
Uskayaw
Vehumet
Wu Jian
Xom
Yredelemnul
Zin
The Shining One
Jiyva
Lugonu

Shops:
D:1 [   D:9 *   D:14 =   Orc:1 *   Orc:2 *:*=   Elf:1 **(   Elf:2 =(   Lair:1 [
Vaults:3 !   Vaults:4 [   Depths:2 *=***[[[*

Portals:
Hell: Depths:1 Depths:2 Depths:3 Depths:4
Abyss: Depths:2 Depths:3
Pandemonium: Depths:1 Depths:2
Ziggurat: Depths:1

Annotations:
D:5 exclusion: upstairs
D:7 exclusion: 2 downstairs
D:8 exclusion: downstairs
D:15 1 runed translucent door
Lair:2 2 transporters, Pattuawu's ghost, journeyman OpSh
Spider:1 2 transporters
Geh:7 Asmodeus


Innate Abilities, Weirdness & Mutations

You are a living statue of rough stone.
Your actions are slow, but your melee attacks are powerful.
You are resistant to unholy torment.
Your maximum health is greatly increased.
Your equipment is partially melded.
((Your serpentine skin is tough. (AC +9)))
You are immune to poison.
You have supernaturally acute eyesight. (SInv)
Armour fits poorly on your strangely shaped body.
Your system is resistant to poisons. (rPois)
((You cover ground very slowly.))
You can spit poison.
You can use your snake-like lower body to constrict enemies.
You are somewhat resistant to further mutation.
Your natural rate of healing is unusually fast.


Message History

The hellion gestures at you.
The sphere of damnation explodes!
The damnation engulfs you!
* * * LOW HITPOINT WARNING * * *
You hear a shout!
Unknown command.
You feel much better. Asmodeus gestures at you.
The sphere of damnation explodes!
The damnation engulfs your daeva!!
The damnation engulfs Asmodeus.
Asmodeus completely resists.
Your daeva is engulfed in blazing flames.
Your daeva hits Asmodeus with a +5 scimitar of holy wrath!!
Asmodeus convulses!!
Your daeva hits Asmodeus but does no damage.
Asmodeus hits your daeva with the +13 sceptre of Asmodeus!!!
Your daeva dies!
Your daeva dissolves into sparkling lights!
The hellion gestures at you.
The sphere of damnation explodes!
The damnation engulfs you!!
* * * LOW HITPOINT WARNING * * *
The hellion gestures at you.
The sphere of damnation explodes!
The damnation engulfs you!
* * * LOW HITPOINT WARNING * * *
Asmodeus gestures.
The hellion gestures at you.
The sphere of damnation explodes!
The damnation engulfs you!!
* * * LOW HITPOINT WARNING * * *
The damnation engulfs the hellion.
The hellion completely resists.
You slice the hellion!!
The hellion convulses!!
You kill the hellion!
The hellion disappears in a puff of smoke! x2
Asmodeus gestures at you.
The sphere of damnation explodes!
The damnation engulfs you!!
* * * LOW HITPOINT WARNING * * *
Unknown command.
You feel much better.
You are engulfed in blazing flames.
You resist. The balrug gestures at you. Something smites you!
* * * LOW HITPOINT WARNING * * *
Asmodeus gestures at you.
The sphere of damnation explodes!
The damnation engulfs you!!!
You die...

≈≈≈≈≈≈§≈≈...# #.§..≈≈≈≈≈≈§
≈§§§≈≈§§≈≈..# #...≈§§≈≈≈≈§
≈§§§≈§§≈...## ' ###..§≈≈≈≈≈≈
≈§≈≈≈≈≈....# ######& #..§§§≈≈§≈
§≈§§.......# .....☼○ #...§≈§§≈≈
≈≈§.......###....... #...§§§§≈≈
≈.§.......##.°...... #........≈
...#########'##############.....≈
...# #.)2☼&8.........#.≈≈... ...#
#.#############'#.≈≈§.. ...#
#.#.............#..≈≈.. ...#
'.#.............#...§.. ...#
##'#.............#...... ...#
).#'#################.. ...#
..#)...........#....#.. ...#
#............'....#.. ...#
##############....#..


You could see Asmodeus (clouds) and a balrug (summoned).

Vanquished Creatures
  the Royal Jelly (Slime:5)
  4 dread liches
  7 ancient liches
  A juggernaut (Depths:4)
  3 royal mummies (Tomb:1)
  Parghit (Depths:4)
  Bai Suzhen (Crypt:2)
  4 Killer Klowns
  2 curse toes
  Xtahua (Crypt:3)
  7 caustic shrikes (Depths:4)
  Geryon (Hell)
  4 golden dragons
  Nikola (Vaults:3)
  6 profane servitors
  Jory (Vaults:5)
  28 bone dragons
  3 doom hounds (Zot:3)
  Arachne (Spider:2)
  10 Brimstone Fiends (Geh:7)
  An electric golem (Zot:1)
  A shard shrike zombie (Crypt:1)
  11 hellephants
  3 Hell Sentinels
  Jorgrun (Spider:1)
  Mlioglotl (Spider:1)
  7 Orb Guardians (Zot:5)
  2 walking earthen tomes
  24 tentacled monstrosities
  23 liches
  Zenata (Vaults:1)
  33 searing wretches
  3 deep elf blademasters (Elf:2)
  Grunn (Zot:3)
  6 quicksilver dragons
  20 acid blobs
  7 Executioners
  Gastronok (Lair:3)
  10 sphinxes
  2 deep elf master archers (Elf:3)
  10 titans
  Frances (Spider:2)
  76 tentacled starspawn
  Kirke (D:15)
  3 death cobs
  13 storm dragons
  6 ancient champions
  9 tengu reavers
  A thorn hunter (Swamp:4)
  6 draconian monks
  16 shadow dragons
  Aizul (Spider:1)
  8 revenants
  12 azure jellies
  21 fire giants
  Roxanne (Spider:1)
  7 deep elf sorcerers
  10 frost giants
  Donald (Elf:1)
  11 rockslimes
  5 draconian knights
  A daeva (Abyss:3)
  13 vault wardens
  A spectral caustic shrike (Crypt:3)
  32 balrugs
  4 emperor scorpions (Spider:4)
  3 curse skulls
  Louise (Depths:2)
  A quicksilver elemental (Abyss:6)
  14 ghost moths
  3 angels
  7 draconian scorchers
  10 draconian stormcallers
  A shard shrike simulacrum (Abyss:4)
  3 iron dragons
  An orc warlord (Vaults:3)
  4 deep elf elementalists
  A juggernaut zombie (Abyss:4)
  A demonspawn corrupter (Abyss:5)
  12 ghouls
  5 draconian shifters
  9 cacodemons
  6 formless jellyfish
  3 draconian annihilators
  13 reapers
  15 stone giants
  5 ironbound thunderhulks
  10 quicksilver oozes
  9 spriggan defenders
  21 ironbound preservers
  4 war gargoyles
  49 very ugly things
  A broodmother (Spider:2)
  10 green draconians
  2 ophanim
  7 lorocyprocas
  11 red draconians
  10 vampire knights
  9 deep elf demonologists
  13 purple draconians
  14 yellow draconians
  22 black draconians
  6 eleionomae
  6 bunyips
  12 dire elephants
  10 deep elf annihilators
  A bunyip (shapeshifter) (Abyss:5)
  10 white draconians
  11 eidola
  13 fire dragons
  9 mummy priests (Tomb:1)
  10 spark wasps
  5 crystal guardians
  9 ettins
  18 deep elf death magi
  11 blizzard demons
  A quicksilver dragon zombie (Vaults:4)
  4 green deaths
  2 entropy weavers (shapeshifter)
  5 entropy weavers
  2 spectral quicksilver dragons (Crypt:3)
  Josephine (Lair:3)
  Fannar (Lair:2)
  10 yaktaur captains
  11 rakshasas
  4 deep elf high priests
  9 jiangshi
  A spriggan zombie (Depths:2)
  21 great orbs of eyes
  30 vault guards
  4 salamander tyrants
  15 ice dragons
  24 hydras
  2 peacekeepers (Vaults:2)
  8 spriggan air magi
  A juggernaut simulacrum (Abyss:4)
  2 ghost crabs
  An alligator (shapeshifter) (Elf:3)
  A jorogumo (shapeshifter) (Vaults:4)
  2 catoblepae
  An ogre mage (Vaults:1)
  20 centaur warriors
  12 alligators
  A fenstrider witch skeleton (Crypt:1)
  3 radroaches
  A hell beast (Depths:3)
  A sphinx zombie (Crypt:3)
  3 jorogumos (Spider:4)
  11 stokers
  22 death yaks
  36 dancing weapons
  4 ironbound frosthearts
  4 death knights
  Erica (D:10)
  3 two-headed ogres
  5 boulder beetles
  8 deep troll shamans
  28 death scarabs (Tomb:1)
  55 hell hogs
  A sphinx skeleton (Vaults:4)
  11 deep troll earth magi
  A naga warrior (Abyss:4)
  2 tengu warriors
  2 orc high priests
  12 demonic crawlers
  10 vampire magi
  8 spriggan berserkers
  97 thrashing horrors
  28 sun demons
  Sonja (Lair:2)
  A spectral dire elephant (Crypt:3)
  11 soul eaters
  Nergalle (D:11)
  19 shadow wraiths
  20 deep elf knights
  9 pharaoh ants
  2 titan skeletons
  A fire crab (shapeshifter) (D:15)
  14 hell knights
  4 sun moths
  10 iron trolls
  68 wretched stars
  21 skeletal warriors
  A spectral anaconda (Lair:5)
  The ghost of justen the Martial Artist, a novice GnSh of Cheibriados (D:7)
  5 goliath frogs
  The ghost of GreenGuy14 the Insei, a novice GnSh of Elyvilon (D:6)
  6 shadow demons
  3 death drakes
  50 deep trolls
  9 spatial maelstroms
  A storm dragon skeleton (Abyss:1)
  Lodul (D:10)
  12 flayed ghosts
  26 sixfirhies
  8 bog bodies
  7 spriggan druids
  A bunyip skeleton (Abyss:1)
  13 orb spiders
  A kraken simulacrum (Hell)
  An anaconda zombie (Hell)
  19 glowing orange brains
  7 steelbarb worms
  9 swamp dragons
  18 deep elf archers
  A lindwurm (Vaults:3)
  19 ironbound convokers
  3 anaconda skeletons
  An orange crystal statue (Abyss:4)
  4 orc knights
  26 deep elf zephyrmancers
  11 wizards
  32 phantasmal warriors
  4 harpies (Vaults:1)
  An alligator zombie (Hell)
  An obsidian statue (Lair:5)
  58 ugly things
  A shadow dragon skeleton (Abyss:1)
  A spectral ettin (Crypt:3)
  A stone giant zombie (Vaults:3)
  30 deep elf pyromancers
  20 necromancers
  2 cyclopes (shapeshifter)
  28 wolf spiders
  2 fire giant zombies
  A jorogumo zombie (Crypt:3)
  2 orc sorcerers
  A shining eye (shapeshifter) (Zot:1)
  A salamander (shapeshifter) (Abyss:1)
  A sphinx simulacrum (Vaults:4)
  7 shining eyes
  A manticore (D:13)
  24 moths of wrath
  A frost giant zombie (Vaults:4)
  7 will-o-the-wisps
  5 salamanders
  10 cyclopes
  3 black mambas
  A spectral centaur (Crypt:3)
  A naga zombie (Crypt:1)
  A spectral alligator snapping turtle (Crypt:3)
  3 stone giant skeletons
  An ice statue (IceCv)
  23 elephants
  2 fire giant skeletons
  25 worldbinders
  4 human skeletons
  A shock serpent zombie (Crypt:2)
  7 guardian serpents
  4 torpor snails
  4 molten gargoyles
  3 dire elephant zombies
  A frost giant skeleton (Crypt:3)
  5 eyes of devastation
  2 titan simulacra
  26 apocalypse crabs
  3 naga magi
  A water nymph (shapeshifter) (Vaults:4)
  9 cane toads
  14 vault sentinels
  18 orange demons
  67 smoke demons
  19 unseen horrors
  A cane toad (shapeshifter) (Abyss:4)
  A sea snake zombie (Hell)
  Maggie (D:8)
  3 gargoyles
  An unseen horror (shapeshifter) (D:15)
  An elf skeleton (Vaults:4)
  An elephant slug zombie (Crypt:3)
  11 hellions
  A swamp worm zombie (Crypt:3)
  5 kobold demonologists
  A bunyip simulacrum (Abyss:1)
  A dire elephant skeleton (Hell)
  4 rime drakes (shapeshifter)
  14 rime drakes
  12 komodo dragons
  16 freezing wraiths
  36 yaktaurs
  5 tormentors
  3 tengu conjurers
  8 efreet
  A death yak skeleton (Crypt:2)
  An alligator snapping turtle skeleton (Abyss:4)
  3 harpy zombies
  A white draconian skeleton (Crypt:1)
  51 ancient zymes
  3 spectral harpies (Crypt:3)
  10 ice devils
  A yaktaur skeleton (Vaults:4)
  12 guardian mummies
  3 trolls
  12 polar bears
  3 meliai (Spider:1)
  4 red devils
  15 hellwings
  A tengu simulacrum (Depths:2)
  A queen bee (shapeshifter) (Abyss:4)
  32 tarantellas
  6 tyrant leeches
  A queen bee (Spider:1)
  10 dream sheep
  34 hornets
  2 hydra skeletons (Hell)
  A tarantella (shapeshifter) (Abyss:4)
  4 harpy skeletons
  186 raiju
  3 ettin zombies
  A spectral elephant (Lair:5)
  A blink frog (shapeshifter) (Abyss:1)
  24 blink frogs
  23 culicivoras
  A frost giant simulacrum (Depths:2)
  27 jumping spiders
  An ettin skeleton (Vaults:4)
  A jumping spider (shapeshifter) (Vaults:5)
  Sigmund (D:4)
  154 slime creatures
  57 flying skulls
  6 air elementals
  42 ynoxinuls
  22 spriggans
  17 shadows
  4 ushabtiu (Tomb:1)
  3 vampires
  25 wraiths
  11 wyverns
  4 fire bats
  52 yaks
  An alligator snapping turtle simulacrum (Abyss:1)
  31 golden eyes
  A hog (shapeshifter) (D:14)
  53 redbacks
  7 water elementals
  201 large abominations
  3 hogs (D:15)
  2 black mamba skeletons (Crypt:1)
  A steam dragon (D:7)
  6 basilisks
  2 fire elementals
  16 vampire mosquitoes
  24 chaos spawn
  3 death yak simulacra (Lair:5)
  6 spatial vortices
  46 neqoxecs
  A swamp worm (shapeshifter) (Zot:1)
  7 wargs
  A glowing shapeshifter zombie (Vaults:4)
  2 spectral cane toads (Lair:5)
  3 acid dragons
  A cane toad zombie (Crypt:2)
  9 nagas
  11 hell hounds
  An ogre skeleton (Vaults:4)
  115 small abominations
  17 swamp worms
  12 water moccasins
  A fire bat skeleton (Crypt:1)
  4 floating eyes
  3 black bears
  A merfolk skeleton (Crypt:2)
  46 orc warriors
  An ice beast (Abyss:1)
  A naga skeleton (Abyss:1)
  7 swamp drakes
  2 sky beasts
  An ettin simulacrum (Vaults:4)
  2 elephant zombies
  14 ogres
  23 centaurs
  26 wolves
  A snapping turtle skeleton (Crypt:1)
  2 swamp dragon skeletons (Crypt:2)
  A phantom (D:6)
  273 starcursed masses
  5 kobold brigands
  11 bullfrogs
  A gnoll sergeant (D:12)
  2 cane toad simulacra (Lair:5)
  5 necrophages
  7 earth elementals
  8 scorpions
  2 two-headed ogre simulacra (Lair:1)
  11 wights
  3 elephant simulacra
  28 killer bees
  A shapeshifter skeleton (Crypt:3)
  6 howler monkeys
  7 vampire bats (Bailey)
  10 wolf zombies (Bailey)
  6 electric eels
  9 crimson imps
  A human simulacrum (Vaults:4)
  A human zombie (Crypt:1)
  13 jellies
  19 orc priests
  7 hounds
  17 quasits
  A gnoll bouda (D:9)
  18 iron imps
  2 iguanas
  A sleepcap (D:7)
  Ijyb (D:3)
  13 hell rats
  27 orc wizards
  Natasha (thrice) (D:4)
  A scorpion zombie (Crypt:1)
  2 spriggan simulacra
  A wolf simulacrum (Lair:1)
  An ice beast zombie (Crypt:2)
  A deep dwarf skeleton (Crypt:1)
  15 mummies
  11 gnolls
  A howler monkey skeleton (Crypt:3)
  3 adders
  A river rat (D:6)
  7 shadow imps
  24 white imps
  13 ufetubi
  A worm zombie (Crypt:3)
  An adder skeleton (Crypt:2)
  A lava snake skeleton (Crypt:1)
  2 worms
  3 dart slugs
  94 orcs
  20 endoplasms
  7 giant cockroaches
  6 goblins
  7 hobgoblins
  4 quokkas
  7 ball pythons
  5 bats
  An endoplasm zombie (Crypt:3)
  2 frilled lizards (D:2)
  A goblin skeleton (Crypt:1)
  A hobgoblin zombie (Crypt:1)
  23 kobolds
  17 orc zombies (Bailey)
  A quokka skeleton (Crypt:2)
  A rat (D:2)
  A creeping inferno (Geh:6)
  17 fire vortices
  5 lurking horrors
  96 starspawn tentacles
5093 creatures vanquished.

Vanquished Creatures (collateral kills)
  A demonic crawler (Spider:1)
  Amaemon (Lair:1)
  6 tarantellas (Spider:1)
  6 jumping spiders (Spider:1)
  A culicivora (Spider:1)
  A redback (Spider:1)
16 creatures vanquished.

Vanquished Creatures (others)
  A draconian knight (Zot:3)
  2 fire giants
  A balrug (Geh:6)
  A deep elf elementalist (Elf:3)
  A very ugly thing (Abyss:5)
  A lorocyproca (Abyss:3)
  An ice dragon (Depths:4)
  A thrashing horror (Abyss:5)
  3 deep elf knights
  2 wizards
  2 deep elf zephyrmancers (Elf:2)
  4 deep elf pyromancers
  A will-o-the-wisp (Swamp:1)
  An ancient zyme (Abyss:3)
  3 bloated husks (Swamp:1)
  A hornet (Abyss:4)
  2 blink frogs (Abyss:3)
  A large abomination (Abyss:2)
  3 golden eyes
  A neqoxec (Abyss:5)
  A chaos spawn (Abyss:1)
  A small abomination (Abyss:5)
  3 vampire mosquitoes
  A swamp worm (Swamp:1)
  A wolf (IceCv)
  2 killer bees (Spider:1)
  3 starcursed masses (Abyss:4)
  An orc wizard (D:4)
  A hell rat (Depths:2)
  A shadow imp (Abyss:6)
  2 goblins (D:7)
  5 creeping infernos
  A fire vortex (Geh:6)
  27 foxfires
  15 lurking horrors
  123 starspawn tentacles
  4 tentacles (Hell)
225 creatures vanquished.

Grand Total: 5334 creatures vanquished

Notes
Turn   | Place    | Note
-------+----------+-------------------------------------------
     0 | D:5      | Kurtz the Naga Delver began the quest for the Orb.
     0 | D:5      | Reached XP level 1. HP: 21/21 MP: 1/1
    11 | D:5      | Found an ornate altar of the Wu Jian Council.
    29 | D:5      | Noticed an iguana
    41 | D:5      | Killed an iguana
    42 | D:5      | Reached XP level 2. HP: 13/28 MP: 2/2
    42 | D:5      | Reached XP level 3. HP: 16/34 MP: 3/3
   288 | D:5      | Noticed a scorpion
   293 | D:5      | Killed a scorpion
   294 | D:5      | Reached XP level 4. HP: 42/42 MP: 4/4
  1359 | D:1      | Found Japa's Armour Shoppe.
  1933 | D:2      | Reached XP level 5. HP: 45/49 MP: 5/5
  2253 | D:2      | Found a faded altar of an unknown god.
  2715 | D:3      | Noticed Ijyb
  3006 | D:3      | Reached skill level 5 in Axes
  3984 | D:4      | Noticed an orc warrior
  3998 | D:4      | Killed an orc warrior
  3999 | D:4      | Reached skill level 1 in Shields
  3999 | D:4      | Reached XP level 6. HP: 50/56 MP: 6/6
  4044 | D:4      | Noticed Sigmund
  4073 | D:4      | Killed Sigmund
  4074 | D:4      | Reached XP level 7. HP: 32/63 MP: 7/7
  4291 | D:4      | Reached skill level 2 in Shields
  4395 | D:1      | Bought a +1 buckler of protection for 214 gold pieces
  4697 | D:4      | Noticed Natasha
  4707 | D:4      | Killed Natasha
  4760 | D:4      | Found a sparkling altar of Nemelex Xobeh.
  4811 | D:4      | Noticed Natasha
  4823 | D:4      | Killed Natasha
  4836 | D:4      | Noticed Natasha
  4845 | D:4      | Killed Natasha
  5112 | D:4      | Reached skill level 1 in Armour
  5401 | D:5      | Reached XP level 8. HP: 68/72 MP: 8/8
  5427 | D:5      | Found a staircase to the Ecumenical Temple.
  5447 | Temple   | Entered the Ecumenical Temple
  5765 | D:6      | Reached skill level 3 in Shields
  6702 | D:6      | Found a runed translucent door.
  6703 | D:6      | Noticed GreenGuy14's ghost (novice GnSh)
  6728 | D:6      | Found a runed translucent door.
  6900 | D:6      | Found a radiant altar of Vehumet.
  7170 | Temple   | Became a worshipper of Gozag Ym Sagoz the Greedy
  7316 | D:3      | Killed Ijyb
  7798 | D:7      | Found a flagged portal.
  7821 | D:7      | Reached skill level 4 in Shields
  7867 | Bailey   | Entered a bailey
  8057 | Bailey   | Found the ring of the Mage {Wiz Archmagi}
  8118 | Bailey   | Noticed a gargoyle
  8121 | Bailey   | Killed a gargoyle
  8122 | Bailey   | Reached skill level 5 in Shields
  8122 | Bailey   | Reached XP level 9. HP: 79/79 MP: 9/9
  8332 | Bailey   | Identified the +6 giant club of the Warrior-Mage {flame,
                  | Str+3}
  8333 | Bailey   | Identified the +0 robe of the Shoals {rC+}
  8337 | Bailey   | Identified the +0 leather armour of the Thistle {rPois
                  | Int-3 Dex+8 Slay-6}
  8528 | Bailey   | Reached skill level 6 in Shields
  8745 | D:7      | Noticed justen's ghost (novice GnSh)
  8748 | D:7      | Found a runed translucent door.
  8930 | D:7      | Reached skill level 5 in Fighting
  9603 | D:8      | Reached XP level 10. HP: 91/91 MP: 10/10
  9640 | D:8      | Reached skill level 7 in Shields
 10129 | D:8      | Found a hazy altar of Hepliaklqana.
 10408 | D:9      | Found a stormy altar of Qazlal.
 10520 | D:9      | Found an ancient bone altar of Kikubaaqudgha.
 10523 | D:9      | Found a hide-covered altar of Uskayaw.
 10538 | D:9      | Found a sacrificial altar of Ru.
 10543 | D:9      | Found a bloodstained altar of Trog.
 10605 | D:9      | Found a broken altar of Ashenzari.
 10605 | D:9      | Found Jiloeph's Neck Hole.
 10619 | D:9      | Noticed Maggie
 10622 | D:9      | Reached skill level 8 in Shields
 10644 | D:8      | Killed Maggie
 10846 | D:9      | Bought an amulet of reflection for 450 gold pieces
 11404 | D:9      | Reached skill level 9 in Shields
 11556 | D:9      | Found a staircase to the Orcish Mines.
 11693 | D:9      | Noticed a two-headed ogre
 11699 | D:9      | Reached XP level 11. HP: 104/104 MP: 11/11
 11700 | D:9      | Killed a two-headed ogre
 11819 | D:10     | Entered Level 10 of the Dungeon
 12132 | D:10     | Found a staircase to the Lair.
 12796 | D:9      | Reached skill level 10 in Axes
 12841 | D:10     | Noticed Lodul
 12854 | D:10     | Killed Lodul
 12863 | D:10     | Noticed Erica
 12872 | D:10     | Killed Erica
 12885 | D:10     | Learned a level 2 spell: Wereblood
 13157 | D:10     | Noticed a deep elf pyromancer
 13168 | D:10     | Killed a deep elf pyromancer
 13815 | D:11     | Noticed Nergalle
 13958 | Lair:1   | Entered Level 1 of the Lair of Beasts
 14083 | Lair:1   | Noticed Amaemon
 14102 | Lair:1   | Killed Amaemon
 14129 | Lair:1   | Reached XP level 12. HP: 92/112 MP: 12/12
 14614 | D:10     | Noticed a sun demon
 15000 | Lair:1   | Reached skill level 5 in Dodging
 15826 | Lair:1   | Noticed a death yak
 15848 | Lair:1   | Killed a death yak
 17223 | Lair:1   | Bought a crude helmet for 323 gold pieces
 17223 | Lair:1   | Identified the +2 helmet of the Mind {rC+ rN+ Dex+3} (You
                  | bought it in a shop on level 1 of the Lair of Beasts)
 17233 | Lair:1   | Bought a bloodstained plate armour for 952 gold pieces
 17233 | Lair:1   | Identified the +0 plate armour of Ageg {Str+5 SInv} (You
                  | bought it in a shop on level 1 of the Lair of Beasts)
 17334 | Lair:2   | Noticed Pattuawu's ghost (journeyman OpSh)
 17605 | Lair:2   | Found a transporter.
 17609 | Lair:2   | Found a transporter.
 17641 | Lair:2   | Noticed Fannar
 17683 | Lair:2   | Killed Fannar
 17684 | Lair:2   | Reached skill level 1 in Spellcasting
 17684 | Lair:2   | Reached skill level 1 in Transmutations
 17684 | Lair:2   | Gained mutation: You can use your snake-like lower body to
                  | constrict enemies. [Naga growth]
 17684 | Lair:2   | Reached XP level 13. HP: 111/120 MP: 14/14
 17760 | Lair:2   | Reached skill level 10 in Shields
 18585 | Lair:2   | Noticed Sonja
 18590 | Lair:2   | Killed Sonja
 18897 | Lair:2   | Found a staircase to the Swamp.
 19135 | Lair:3   | Noticed Gastronok
 19166 | Lair:3   | Killed Gastronok
 19167 | Lair:3   | Reached skill level 5 in Armour
 19207 | Lair:3   | Found a hole to the Spider Nest.
 19466 | Lair:3   | Noticed Josephine
 19475 | Lair:3   | Killed Josephine
 20593 | Lair:3   | Reached skill level 10 in Fighting
 21026 | Lair:4   | Reached skill level 11 in Shields
 21314 | D:1      | Bought the +6 plate armour of Acorewaa {MP+9} for 1025 gold
                  | pieces
 21651 | Lair:4   | Reached XP level 14. HP: 123/132 MP: 18/18
 21810 | Lair:4   | Found a viscous altar of Jiyva.
 21810 | Lair:4   | Found a staircase to the Slime Pits.
 22105 | Lair:4   | Reached skill level 1 in Shapeshifting
 22627 | Lair:5   | Entered Level 5 of the Lair of Beasts
 23077 | Lair:4   | Reached skill level 12 in Shields
 24150 | Lair:5   | Reached XP level 15. HP: 82/142 MP: 19/19
 25897 | D:11     | Killed Nergalle
 26802 | D:13     | Reached skill level 13 in Shields
 26815 | D:13     | Identified a scroll of acquirement
 26821 | D:12     | Acquired the +2 barding "Juongosa" {rCorr MP+9 Dex+2}
 26897 | D:13     | Identified the +3 scale mail of Spring Thaw {rC+}
 27036 | D:13     | Reached skill level 5 in Shapeshifting
 27036 | D:13     | Reached XP level 16. HP: 152/152 MP: 20/20
 27456 | D:13     | Found a gate to the Vaults.
 28045 | D:14     | Found Deugemn's Jewellery Shop.
 29146 | Lair:5   | Identified the staff "Mobelil" {Fly rF- rN+ Will+ Necro}
 29688 | Lair:5   | Got an antique book
 29861 | Orc:1    | Entered Level 1 of the Orcish Mines
 29938 | Orc:1    | Found a frozen archway.
 29960 | IceCv    | Entered an ice cave
 30530 | IceCv    | Reached XP level 17. HP: 139/163 MP: 21/21
 30552 | IceCv    | Reached skill level 14 in Shields
 31704 | Orc:1    | Found Paplept's Assorted Antiques.
 31749 | Orc:2    | Entered Level 2 of the Orcish Mines
 31895 | Orc:2    | Found a staircase to the Elven Halls.
 31994 | Orc:2    | Found Honyibb's Book Shop.
 31994 | Orc:2    | Found Hoquu's Assorted Antiques.
 32012 | Orc:2    | Found Yfoad's Jewellery Emporium.
 32047 | Orc:2    | Found Wox Bain's General Store.
 32452 | Orc:2    | Bought a manual of Armour for 1120 gold pieces
 32829 | Orc:2    | Acquired the +2 helmet of Instinct {rElec Int+8 Dex+3
                  | Stlth-}
 32844 | Orc:2    | Acquired the +4 barding of Syfygoo {+Blink rElec Dex+2}
 32866 | Orc:2    | Acquired 1147 gold pieces
 33680 | D:14     | Reached skill level 15 in Axes
 33921 | D:15     | Entered Level 15 of the Dungeon
 34296 | D:15     | Found a staircase to the Depths.
 34356 | D:15     | Found a runed translucent door.
 34358 | D:15     | Found the +2 shield of Resistance {rF++ rC++ Will++}
 34364 | D:15     | Found a runed translucent door.
 34775 | D:15     | Noticed Kirke
 35035 | D:15     | Killed Kirke
 35450 | Spider:1 | Entered Level 1 of the Spider Nest
 35913 | Spider:1 | Gained mutation: Your spells are a little easier to cast,
                  | but a little less powerful. [mutagenic glow]
 35923 | Spider:1 | Gained mutation: You sometimes lose your temper in combat.
                  | [mutagenic glow]
 36069 | Spider:1 | Lost mutation: You sometimes lose your temper in combat.
                  | [potion of mutation]
 36069 | Spider:1 | Lost mutation: Your spells are a little easier to cast, but
                  | a little less powerful. [potion of mutation]
 36069 | Spider:1 | Gained mutation: You are vulnerable to heat. (rF-) [potion
                  | of mutation]
 36069 | Spider:1 | Gained mutation: You are partially covered in iridescent
                  | scales. (AC +2) [potion of mutation]
 36069 | Spider:1 | Gained mutation: Your body sometimes deteriorates upon
                  | taking damage. [potion of mutation]
 36070 | Spider:1 | Lost mutation: You are vulnerable to heat. (rF-) [potion of
                  | mutation]
 36070 | Spider:1 | Lost mutation: Your body sometimes deteriorates upon taking
                  | damage. [potion of mutation]
 36070 | Spider:1 | Lost mutation: You are partially covered in iridescent
                  | scales. (AC +2) [potion of mutation]
 36070 | Spider:1 | Gained mutation: You can exhale a cloud of poison. [potion
                  | of mutation]
 36139 | Spider:1 | Noticed Aizul
 36198 | Lair:3   | HP: 8/164 [poisoned by Aizul (bolt of poison)]
 36666 | Spider:1 | Killed Aizul
 36732 | Spider:1 | Reached XP level 18. HP: 158/172 MP: 22/22
 36901 | Spider:1 | Found a transporter.
 36902 | Spider:1 | Found a transporter.
 36962 | Spider:1 | Noticed Mlioglotl
 36967 | Spider:1 | Noticed Jorgrun
 36975 | Spider:1 | Killed Mlioglotl
 36984 | Spider:1 | Killed Jorgrun
 37108 | Spider:1 | Reached skill level 15 in Shields
 37115 | Spider:1 | Noticed Roxanne
 37447 | Spider:2 | Noticed Arachne
 37472 | Spider:2 | Killed Arachne
 38059 | Spider:2 | Noticed Frances
 38122 | Spider:2 | Killed Frances
 38266 | Spider:2 | Identified the +4 war axe of Gallantry {flame, rN+ Dex+5}
 38718 | Spider:2 | Reached skill level 16 in Shields
 38723 | Spider:2 | Identified the +0 cloak "Efuqiw" {rElec}
 40039 | Spider:4 | Entered Level 4 of the Spider Nest
 40426 | Spider:4 | Reached XP level 19. HP: 109/180 MP: 24/24
 40701 | Spider:4 | Reached skill level 10 in Armour
 41185 | Spider:4 | Got a gossamer rune of Zot
 41210 | Spider:4 | Reached skill level 17 in Shields
 41227 | Spider:4 | Identified the +2 pair of gloves of Mitebu {Harm rN++
                  | Int-4}
 42685 | Swamp:1  | Entered Level 1 of the Swamp
 43100 | Swamp:1  | Reached skill level 5 in Transmutations
 44052 | Swamp:2  | Reached skill level 18 in Shields
 45121 | Swamp:4  | Entered Level 4 of the Swamp
 45431 | Swamp:4  | Reached skill level 5 in Spellcasting
 45528 | Swamp:4  | Reached XP level 20. HP: 188/188 MP: 27/27
 46103 | Swamp:4  | Got a decaying rune of Zot
 46443 | Orc:2    | Bought a scroll of enchant weapon for 127 gold pieces
 46443 | Orc:2    | Bought a scroll of enchant armour for 127 gold pieces
 46449 | Orc:2    | Bought a scroll of poison for 156 gold pieces
 46456 | Orc:2    | Bought a phial of floods for 680 gold pieces
 46506 | Orc:1    | Bought a scroll of fog for 140 gold pieces
 46506 | Orc:1    | Bought a scroll of fear for 140 gold pieces
 46533 | Elf:1    | Entered Level 1 of the Elven Halls
 46630 | Elf:1    | Found a radiant altar of Vehumet.
 46711 | Elf:1    | Noticed Donald
 46724 | Elf:1    | Killed Donald
 47003 | Elf:1    | Found Tokizxal's Assorted Antiques.
 47008 | Elf:1    | Found Meurires's General Store.
 47028 | Elf:1    | Bought a scroll of enchant weapon for 225 gold pieces
 47029 | Elf:1    | Bought a scroll of teleportation for 90 gold pieces
 47029 | Elf:1    | Bought a potion of mutation for 240 gold pieces
 47073 | Elf:1    | Gained mutation: You are occasionally teleported next to
                  | monsters. [a neqoxec]
 47075 | Elf:1    | Reached skill level 19 in Shields
 47079 | Elf:1    | Noticed a Brimstone Fiend
 47090 | Elf:1    | Lost mutation: You are occasionally teleported next to
                  | monsters. [potion of mutation]
 47090 | Elf:1    | Lost mutation: You can exhale a cloud of poison. [potion of
                  | mutation]
 47090 | Elf:1    | Gained mutation: Your natural rate of healing is unusually
                  | fast. [potion of mutation]
 47090 | Elf:1    | Gained mutation: You are somewhat resistant to further
                  | mutation. [potion of mutation]
 47410 | Elf:1    | Found Jaq Ijipt's Weapon Emporium.
 47527 | Elf:2    | Paralysed by an air elemental for 1 turns
 47600 | Elf:2    | Noticed a Tzitzimitl
 47616 | Elf:2    | Identified the ring "Vumekk" {rN+ rCorr MP+9}
 47960 | Elf:2    | Found Voibeim's Jewellery Shop.
 48066 | Elf:2    | Found Cetol's Weapon Shoppe.
 48248 | Elf:2    | Identified the +11 trident of the Lusting Shrike {heavy,
                  | rC+ Str+3 SInv}
 48257 | Elf:2    | Paralysed by an air elemental for 1 turns
 48511 | Elf:2    | Found a runed translucent gate.
 48512 | Elf:2    | Found a runed translucent gate.
 48512 | Elf:2    | Found a runed translucent gate.
 48711 | Depths:1 | Entered Level 1 of the Depths
 49033 | Depths:1 | Reached XP level 21. HP: 190/195 MP: 30/30
 49101 | Depths:1 | Reached skill level 20 in Shields
 49405 | Depths:1 | Found a gateway to Hell.
 49720 | Depths:1 | Paralysed by a floating eye for 3 turns
 49726 | Depths:1 | Paralysed by a floating eye for 2 turns
 49789 | Depths:1 | Found a one-way gateway to a ziggurat.
 49790 | Depths:1 | Found a one-way gate leading to the halls of Pandemonium.
 50415 | Depths:2 | Found a one-way gate to the infinite horrors of the Abyss.
 50434 | Depths:2 | Noticed Louise
 50451 | Depths:2 | Killed Louise
 50666 | Depths:2 | Reached skill level 10 in Dodging
 51463 | Depths:3 | Found a corrupted altar of Lugonu.
 51829 | Depths:3 | Noticed a bone dragon
 51859 | Depths:3 | Killed a bone dragon
 51989 | Depths:3 | Reached skill level 21 in Shields
 52139 | Depths:3 | Reached XP level 22. HP: 204/204 MP: 32/32
 52241 | Depths:3 | Identified the ring of Ankatwum {Wiz Str+6 Int+4 Dex-5
                  | Slay-3}
 52442 | Depths:3 | Paralysed by you for 2 turns
 52446 | Depths:3 | Identified the ring "Plog" {EV+5 Int+2}
 52551 | Depths:4 | Entered Level 4 of the Depths
 52937 | Depths:4 | Noticed a caustic shrike
 52943 | Depths:4 | Noticed a caustic shrike
 52950 | Depths:4 | Noticed a caustic shrike
 52955 | Depths:4 | Killed a caustic shrike
 52955 | Depths:4 | Noticed a caustic shrike
 52971 | Depths:4 | Killed a caustic shrike
 52975 | Depths:4 | Killed a caustic shrike
 52976 | Depths:4 | Killed a caustic shrike
 53006 | Depths:4 | Noticed a golden dragon
 53053 | Depths:4 | Noticed a juggernaut
 53219 | Depths:4 | Killed a juggernaut
 53321 | Depths:4 | Killed a golden dragon
 53446 | Depths:4 | Reached skill level 22 in Shields
 53457 | Depths:4 | Noticed Parghit
 53920 | Elf:2    | Reached XP level 23. HP: 211/211 MP: 34/34
 54178 | Elf:3    | Entered Level 3 of the Elven Halls
 55303 | Elf:3    | Identified the +6 chain mail "Egeguts" {*Slow Str+8 Stlth+}
 55523 | Elf:3    | Identified the ring of Cusiame {rC+ Will+ rCorr Int+5
                  | Dex-5}
 55982 | Elf:3    | Paralysed by an air elemental for 1 turns
 56229 | Elf:3    | Identified the +6 plate armour of Elitism {rCorr Int+3}
 56256 | Elf:3    | Got a dusty book
 56279 | Elf:3    | Identified the +5 scimitar of Conscience {venom, rF+ rC+
                  | Dex+3}
 56335 | Elf:3    | Identified the +8 sling of Ineunn {speed, rF+ rN+ SInv}
 56363 | Elf:3    | Identified the +3 scale mail of Vehumet's Approval {+Blink
                  | Int-5 SInv Stlth+}
 56939 | Vaults:1 | Entered Level 1 of the Vaults
 57060 | Vaults:1 | Found a flickering gateway to a bazaar.
 57069 | Bazaar   | Entered a bazaar
 57077 | Bazaar   | Found Cufef's Antique Weapon Shop.
 57091 | Bazaar   | Found Meuteot's Magic Scroll Boutique.
 57099 | Bazaar   | Bought 2 scrolls of enchant armour for 150 gold pieces
 57105 | Bazaar   | Found Vaamecki's General Store.
 57113 | Bazaar   | Bought a potion of curing for 33 gold pieces
 57133 | Bazaar   | Found Maurioc's Armour Shop.
 57147 | Bazaar   | Found Xydas's Distillery.
 57155 | Bazaar   | Bought a potion of resistance for 80 gold pieces
 57155 | Bazaar   | Bought a potion of curing for 24 gold pieces
 57155 | Bazaar   | Bought a potion of magic for 64 gold pieces
 57155 | Bazaar   | Bought a potion of mutation for 64 gold pieces
 57155 | Bazaar   | Bought a potion of enlightenment for 40 gold pieces
 57161 | Bazaar   | Found Makifan's Distillery.
 57195 | Bazaar   | Bought a potion of resistance for 90 gold pieces
 57195 | Bazaar   | Bought a potion of heal wounds for 45 gold pieces
 57195 | Bazaar   | Bought a potion of berserk rage for 45 gold pieces
 57195 | Bazaar   | Bought a potion of heal wounds for 45 gold pieces
 57195 | Bazaar   | Bought a potion of heal wounds for 45 gold pieces
 57195 | Bazaar   | Bought a potion of magic for 72 gold pieces
 57195 | Bazaar   | Bought a potion of might for 36 gold pieces
 57620 | Vaults:1 | Reached skill level 15 in Armour
 57886 | Vaults:1 | Identified the +2 cloak of the Sneaky Olives {rPois rN+
                  | Str+3 Slay+3}
 57943 | Vaults:1 | Noticed Zenata
 57973 | Vaults:1 | Killed Zenata
 58200 | Vaults:1 | Reached skill level 23 in Shields
 58547 | Vaults:2 | You fall into a shaft and drop 1 floor!
 58879 | Vaults:2 | Found a staircase to the Crypt.
 59981 | Vaults:3 | Identified the +1 cloak of the Clam {rElec}
 60136 | Vaults:3 | Noticed Nikola
 60139 | Vaults:3 | Reached XP level 24. HP: 218/218 MP: 35/35
 60158 | Vaults:3 | Killed Nikola
 61024 | Vaults:3 | Found Usac's Distillery.
 61032 | Vaults:3 | Bought 2 potions of invisibility for 176 gold pieces
 61036 | Vaults:3 | Bought 2 potions of haste for 220 gold pieces
 61036 | Vaults:3 | Bought a potion of resistance for 110 gold pieces
 61036 | Vaults:3 | Bought a potion of curing for 33 gold pieces
 61765 | Vaults:4 | Reached skill level 24 in Shields
 61791 | Vaults:4 | Reached skill level 10 in Transmutations
 62088 | Vaults:4 | Found Toyriuh's Armour Boutique.
 62183 | Vaults:4 | Identified the ring of Lirghelo {rF+ Will- MP+9 Int+5
                  | Slay+3}
 63202 | Depths:2 | Bought a bound turquoise ring for 155 gold pieces
 63202 | Depths:2 | Identified the ring "Gihucs" {rElec rC++ rN+ Int+2 SInv}
                  | (You bought it in a shop on level 2 of the Depths)
 63214 | Depths:2 | Bought a runed crystal plate armour for 2075 gold pieces
 63598 | Vaults:5 | Entered Level 5 of the Vaults
 63671 | Vaults:4 | Reached skill level 10 in Shapeshifting
 63722 | Vaults:4 | Reached XP level 25. HP: 225/225 MP: 36/36
 64090 | Vaults:5 | Noticed an ancient lich
 64105 | Vaults:5 | Killed an ancient lich
 64106 | Vaults:5 | Reached skill level 25 in Shields
 64629 | Vaults:5 | Identified the +6 glaive "Yxkocw" {freeze, Fragile rC+
                  | Dex+2 Stlth+}
 64677 | Vaults:5 | Got a black book
 64785 | Vaults:5 | Noticed Jory
 64816 | Vaults:5 | Killed Jory
 64966 | Vaults:5 | Identified the staff "Death Rattle" {Contam rElec rC+ MP+9
                  | Stlth+ Ice}
 65066 | Vaults:5 | Got a disorganized book
 65202 | Vaults:5 | Identified the +0 falchion "Mibodyeth" {flame, Drain rF++
                  | rC+ rN+ Dex+2}
 65207 | Vaults:5 | Got a silver rune of Zot
 65258 | Vaults:5 | Identified the +5 ring mail of Husuk Nobeot {rN+}
 65267 | Vaults:5 | Identified the +0 ring mail of Rawi {Str+6 Int+3}
 66148 | Depths:4 | Reached skill level 10 in Spellcasting
 66159 | Depths:4 | Killed Parghit
 66342 | Depths:4 | Noticed an ancient lich
 66358 | Depths:4 | Killed an ancient lich
 66566 | Depths:4 | Found a gate to the Realm of Zot.
 66870 | Depths:4 | Reached skill level 26 in Shields
 66908 | Depths:2 | Bought a warped bone ring for 160 gold pieces
 66908 | Depths:2 | Identified the ring of Miskison {rF+ Will+ Int+5} (You
                  | bought it in a shop on level 2 of the Depths)
 66919 | Depths:2 | Bought a potion of enlightenment for 160 gold pieces
 66922 | Depths:2 | Bought a scroll of teleportation for 69 gold pieces
 66922 | Depths:2 | Bought a scroll of fog for 92 gold pieces
 66927 | Depths:2 | Bought a scroll of revelation for 262 gold pieces
 66929 | Depths:2 | Bought a potion of invisibility for 248 gold pieces
 67219 | Temple   | Fell from the grace of Gozag
 67219 | Temple   | Became a worshipper of the Shining One
 67570 | Crypt:1  | Entered Level 1 of the Crypt
 67613 | Crypt:1  | Reached * piety under the Shining One
 67819 | Crypt:1  | Reached ** piety under the Shining One
 67840 | Crypt:1  | Reached XP level 26. HP: 234/234 MP: 37/37
 67928 | Crypt:1  | Reached *** piety under the Shining One
 68027 | Crypt:1  | Reached **** piety under the Shining One
 68510 | Crypt:2  | Reached ***** piety under the Shining One
 68601 | Crypt:2  | Noticed Bai Suzhen
 68707 | Crypt:2  | Killed Bai Suzhen
 68887 | Crypt:2  | Reached skill level 27 in Shields
 68945 | Crypt:2  | Reached skill level 1 in Invocations
 69320 | Crypt:3  | Entered Level 3 of the Crypt
 69320 | Crypt:3  | Noticed Xtahua
 69320 | Crypt:3  | Reached ****** piety under the Shining One
 69333 | Crypt:3  | Killed Xtahua
 69342 | Crypt:3  | Found a hide-covered altar of Uskayaw.
 69388 | Crypt:3  | Identified a +9 broad axe of holy wrath (a +9 broad axe of
                  | electrocution blessed by the Shining One)
 69388 | Crypt:3  | Received a gift from the Shining One
 69534 | Crypt:3  | Noticed a dread lich
 69550 | Crypt:3  | Killed a dread lich
 69799 | Crypt:3  | Found an ancient bone altar of Kikubaaqudgha.
 70141 | Crypt:3  | Identified the +5 plate armour of Lyrysy {Dex+5}
 70151 | Crypt:3  | Identified the +1 plate armour "Aroluny" {rN+ Str+3 Int-5
                  | Dex-2 Stlth+}
 70163 | Crypt:3  | Identified the +4 morningstar of the Beginning {venom,
                  | +Blink rPois Will- Str-5}
 70262 | Crypt:3  | Found a staircase to the Tomb.
 70973 | Temple   | Fell from the grace of the Shining One
 70973 | Temple   | Became a worshipper of Zin the Law-Giver
 70973 | Temple   | Reached * piety under Zin
 70973 | Temple   | Reached ** piety under Zin
 70973 | Temple   | Reached *** piety under Zin
 70973 | Temple   | Reached **** piety under Zin
 70973 | Temple   | Reached ***** piety under Zin
 71266 | Depths:2 | Voluntarily entered the Abyss.
 71337 | Abyss:1  | Found a corrupted altar of Lugonu.
 71376 | Depths:2 | Escaped the Abyss
 71378 | Depths:2 | Voluntarily entered the Abyss.
 71378 | Abyss:1  | Found a corrupted altar of Lugonu.
 71388 | Abyss:1  | Learned a level 8 spell: Ignition
 71389 | Abyss:1  | Found a corrupted altar of Lugonu.
 71412 | Abyss:1  | Found a corrupted altar of Lugonu.
 71481 | Abyss:1  | Found a corrupted altar of Lugonu.
 71534 | Depths:2 | Escaped the Abyss
 71536 | Depths:2 | Voluntarily entered the Abyss.
 71644 | Abyss:1  | Found a corrupted altar of Lugonu.
 71645 | Abyss:1  | Found a corrupted altar of Lugonu.
 71645 | Abyss:1  | Found a corrupted altar of Lugonu.
 71882 | Abyss:1  | Reached XP level 27. HP: 246/246 MP: 37/37
 71897 | Depths:2 | Escaped the Abyss
 71899 | Depths:2 | Voluntarily entered the Abyss.
 71924 | Abyss:1  | Found a corrupted altar of Lugonu.
 71941 | Abyss:1  | Found a corrupted altar of Lugonu.
 71978 | Abyss:1  | Reached skill level 1 in Fire Magic
 72019 | Abyss:1  | Paralysed by accursed screaming for 1 turns
 72262 | Abyss:1  | Noticed an ancient lich
 72271 | Abyss:1  | Killed an ancient lich
 72272 | Abyss:1  | Reached skill level 15 in Fighting
 72282 | Depths:2 | Escaped the Abyss
 72284 | Depths:2 | Voluntarily entered the Abyss.
 72300 | Abyss:1  | Found a corrupted altar of Lugonu.
 72497 | Abyss:1  | Found a corrupted altar of Lugonu.
 72504 | Abyss:1  | Found a corrupted altar of Lugonu.
 72504 | Abyss:1  | Found a corrupted altar of Lugonu.
 72583 | Abyss:1  | Reached skill level 5 in Invocations
 72638 | Depths:2 | Escaped the Abyss
 72743 | Depths:2 | Voluntarily entered the Abyss.
 72801 | Depths:2 | Escaped the Abyss
 72803 | Depths:2 | Voluntarily entered the Abyss.
 73514 | Abyss:1  | Reached ****** piety under Zin
 73658 | Depths:2 | Escaped the Abyss
 73670 | Depths:2 | Voluntarily entered the Abyss.
 73826 | Abyss:1  | Found a broken altar of Ashenzari.
 73837 | Abyss:1  | Found a corrupted altar of Lugonu.
 73907 | Depths:2 | Escaped the Abyss
 73909 | Depths:2 | Voluntarily entered the Abyss.
 73914 | Abyss:1  | Found a corrupted altar of Lugonu.
 74114 | Depths:2 | Escaped the Abyss
 74116 | Depths:2 | Voluntarily entered the Abyss.
 74413 | Abyss:1  | Paralysed by accursed screaming for 1 turns
 74472 | Abyss:1  | Found a corrupted altar of Lugonu.
 74502 | Depths:2 | Escaped the Abyss
 74504 | Depths:2 | Voluntarily entered the Abyss.
 74698 | Abyss:1  | Found a corrupted altar of Lugonu.
 74794 | Abyss:1  | Found a hazy altar of Hepliaklqana.
 74834 | Depths:2 | Escaped the Abyss
 74836 | Depths:2 | Voluntarily entered the Abyss.
 74930 | Abyss:1  | Paralysed by accursed screaming for 1 turns
 75094 | Depths:2 | Escaped the Abyss
 75096 | Depths:2 | Voluntarily entered the Abyss.
 75108 | Abyss:1  | Found a corrupted altar of Lugonu.
 75129 | Abyss:1  | Found a corrupted altar of Lugonu.
 75156 | Abyss:1  | Found a corrupted altar of Lugonu.
 75193 | Abyss:1  | Found a corrupted altar of Lugonu.
 75221 | Abyss:1  | Was forgiven by Gozag
 75256 | Abyss:1  | Found a corrupted altar of Lugonu.
 75268 | Abyss:1  | Found a corrupted altar of Lugonu.
 75268 | Abyss:1  | Found a corrupted altar of Lugonu.
 75288 | Abyss:1  | Found a corrupted altar of Lugonu.
 75399 | Abyss:1  | Found a corrupted altar of Lugonu.
 75593 | Abyss:1  | Found a corrupted altar of Lugonu.
 75782 | Abyss:1  | Paralysed by accursed screaming for 1 turns
 75788 | Abyss:1  | Paralysed by accursed screaming for 1 turns
 75820 | Depths:2 | Escaped the Abyss
 75827 | Depths:2 | Voluntarily entered the Abyss.
 76075 | Abyss:1  | Found a corrupted altar of Lugonu.
 76235 | Abyss:1  | Found a corrupted altar of Lugonu.
 76258 | Depths:2 | Escaped the Abyss
 76260 | Depths:2 | Voluntarily entered the Abyss.
 76260 | Abyss:1  | Found a corrupted altar of Lugonu.
 76310 | Abyss:1  | Found a sacrificial altar of Ru.
 76333 | Abyss:1  | Paralysed by accursed screaming for 1 turns
 76629 | Depths:2 | Escaped the Abyss
 76631 | Depths:2 | Voluntarily entered the Abyss.
 76787 | Abyss:2  | Found an ornate altar of the Wu Jian Council.
 76796 | Abyss:2  | Noticed an ancient lich
 76806 | Abyss:2  | Killed an ancient lich
 76819 | Abyss:2  | Found an ornate altar of the Wu Jian Council.
 77037 | Depths:2 | Escaped the Abyss
 77039 | Depths:2 | Voluntarily entered the Abyss.
 77039 | Abyss:2  | Found a corrupted altar of Lugonu.
 77078 | Abyss:3  | Found an ornate altar of the Wu Jian Council.
 77110 | Abyss:3  | Found a corrupted altar of Lugonu.
 77128 | Abyss:3  | Found a corrupted altar of Lugonu.
 77192 | Abyss:3  | Found a corrupted altar of Lugonu.
 77192 | Abyss:3  | Found a corrupted altar of Lugonu.
 77192 | Abyss:3  | Found a corrupted altar of Lugonu.
 77242 | Abyss:3  | Paralysed by you for 3 turns
 77256 | Abyss:3  | Reached skill level 5 in Fire Magic
 77392 | Depths:2 | Escaped the Abyss
 77394 | Depths:2 | Voluntarily entered the Abyss.
 77429 | Abyss:3  | Paralysed by accursed screaming for 1 turns
 77799 | Depths:2 | Escaped the Abyss
 77801 | Depths:2 | Voluntarily entered the Abyss.
 77802 | Abyss:3  | Found a basalt altar of Yredelemnul.
 77855 | Abyss:3  | Found a hide-covered altar of Uskayaw.
 77917 | Abyss:3  | Got an abyssal rune of Zot
 77994 | Abyss:3  | Found a corrupted altar of Lugonu.
 78231 | Depths:2 | Escaped the Abyss
 78233 | Depths:2 | Voluntarily entered the Abyss.
 78258 | Abyss:3  | Paralysed by accursed screaming for 1 turns
 78532 | Abyss:3  | Found a corrupted altar of Lugonu.
 78544 | Abyss:3  | Found a corrupted altar of Lugonu.
 78547 | Depths:2 | Escaped the Abyss
 78549 | Depths:2 | Voluntarily entered the Abyss.
 78549 | Abyss:3  | Found a corrupted altar of Lugonu.
 78687 | Depths:2 | Escaped the Abyss
 78689 | Depths:2 | Voluntarily entered the Abyss.
 78708 | Abyss:4  | Found a corrupted altar of Lugonu.
 78772 | Depths:2 | Escaped the Abyss
 78774 | Depths:2 | Voluntarily entered the Abyss.
 78895 | Depths:2 | Escaped the Abyss
 79068 | Depths:2 | Voluntarily entered the Abyss.
 79083 | Abyss:4  | Found a corrupted altar of Lugonu.
 79174 | Depths:2 | Escaped the Abyss
 79176 | Depths:2 | Voluntarily entered the Abyss.
 79215 | Depths:2 | Escaped the Abyss
 79217 | Depths:2 | Voluntarily entered the Abyss.
 79417 | Abyss:4  | Found a corrupted altar of Lugonu.
 79472 | Depths:2 | Escaped the Abyss
 79474 | Depths:2 | Voluntarily entered the Abyss.
 79482 | Abyss:4  | Paralysed by a floating eye for 3 turns
 79503 | Abyss:4  | Identified the ring of Calavob {Wiz +Blink rElec Slay+3}
 79524 | Abyss:4  | Found a corrupted altar of Lugonu.
 79538 | Depths:2 | Escaped the Abyss
 79580 | Depths:2 | Voluntarily entered the Abyss.
 79580 | Abyss:4  | Found a corrupted altar of Lugonu.
 79628 | Depths:2 | Escaped the Abyss
 79630 | Depths:2 | Voluntarily entered the Abyss.
 79630 | Abyss:4  | Found a transporter.
 79662 | Depths:2 | Escaped the Abyss
 79742 | Depths:2 | Voluntarily entered the Abyss.
 79843 | Abyss:4  | Found a runed translucent door.
 79968 | Depths:2 | Escaped the Abyss
 79970 | Depths:2 | Voluntarily entered the Abyss.
 79986 | Depths:2 | Escaped the Abyss
 79988 | Depths:2 | Voluntarily entered the Abyss.
 80058 | Abyss:4  | Found a runed translucent door.
 80176 | Depths:2 | Escaped the Abyss
 80178 | Depths:2 | Voluntarily entered the Abyss.
 80356 | Depths:2 | Escaped the Abyss
 80562 | Depths:2 | Voluntarily entered the Abyss.
 80562 | Abyss:4  | Found a corrupted altar of Lugonu.
 80626 | Abyss:4  | Found a corrupted altar of Lugonu.
 80696 | Depths:2 | Escaped the Abyss
 80698 | Depths:2 | Voluntarily entered the Abyss.
 80717 | Depths:2 | Escaped the Abyss
 80719 | Depths:2 | Voluntarily entered the Abyss.
 80843 | Abyss:4  | Found a corrupted altar of Lugonu.
 80915 | Depths:2 | Escaped the Abyss
 80917 | Depths:2 | Voluntarily entered the Abyss.
 80948 | Depths:2 | Escaped the Abyss
 80950 | Depths:2 | Voluntarily entered the Abyss.
 80994 | Depths:2 | Escaped the Abyss
 80996 | Depths:2 | Voluntarily entered the Abyss.
 81037 | Abyss:4  | Found a corrupted altar of Lugonu.
 81042 | Depths:2 | Escaped the Abyss
 81044 | Depths:2 | Voluntarily entered the Abyss.
 81219 | Abyss:4  | Found a corrupted altar of Lugonu.
 81311 | Abyss:4  | Paralysed by accursed screaming for 1 turns
 81416 | Depths:2 | Escaped the Abyss
 81544 | Depths:2 | Voluntarily entered the Abyss.
 81721 | Depths:2 | Escaped the Abyss
 81723 | Depths:2 | Voluntarily entered the Abyss.
 81729 | Depths:2 | Escaped the Abyss
 81731 | Depths:2 | Voluntarily entered the Abyss.
 81849 | Abyss:4  | Paralysed by accursed screaming for 2 turns
 81912 | Depths:2 | Escaped the Abyss
 82040 | Depths:2 | Voluntarily entered the Abyss.
 82091 | Abyss:4  | Found a corrupted altar of Lugonu.
 82106 | Abyss:4  | Found an opulent altar of Gozag.
 82122 | Depths:2 | Escaped the Abyss
 82124 | Depths:2 | Voluntarily entered the Abyss.
 82375 | Depths:2 | Escaped the Abyss
 82452 | Depths:2 | Voluntarily entered the Abyss.
 82530 | Abyss:4  | Reached skill level 10 in Invocations
 82562 | Depths:2 | Escaped the Abyss
 82564 | Depths:2 | Voluntarily entered the Abyss.
 82590 | Depths:2 | Escaped the Abyss
 82592 | Depths:2 | Voluntarily entered the Abyss.
 82601 | Depths:2 | Escaped the Abyss
 82603 | Depths:2 | Voluntarily entered the Abyss.
 82619 | Abyss:4  | Found a corrupted altar of Lugonu.
 82760 | Depths:2 | Escaped the Abyss
 82807 | Depths:2 | Voluntarily entered the Abyss.
 82823 | Depths:2 | Escaped the Abyss
 82825 | Depths:2 | Voluntarily entered the Abyss.
 82936 | Depths:2 | Escaped the Abyss
 82938 | Depths:2 | Voluntarily entered the Abyss.
 83032 | Abyss:4  | Noticed a dread lich
 83042 | Abyss:4  | Killed a dread lich
 83096 | Depths:2 | Escaped the Abyss
 83098 | Depths:2 | Voluntarily entered the Abyss.
 83142 | Depths:2 | Escaped the Abyss
 83144 | Depths:2 | Voluntarily entered the Abyss.
 83164 | Depths:2 | Escaped the Abyss
 83166 | Depths:2 | Voluntarily entered the Abyss.
 83206 | Depths:2 | Escaped the Abyss
 83208 | Depths:2 | Voluntarily entered the Abyss.
 83208 | Abyss:4  | Found a corrupted altar of Lugonu.
 83221 | Depths:2 | Escaped the Abyss
 83223 | Depths:2 | Voluntarily entered the Abyss.
 83339 | Depths:2 | Escaped the Abyss
 83341 | Depths:2 | Voluntarily entered the Abyss.
 83376 | Depths:2 | Escaped the Abyss
 83547 | Zot:1    | Entered Level 1 of the Realm of Zot
 83714 | Zot:1    | Reached skill level 15 in Dodging
 84435 | Zot:1    | Reached skill level 10 in Fire Magic
 84767 | Zot:1    | Noticed an ancient lich
 84775 | Zot:1    | Killed an ancient lich
 86330 | Zot:3    | Noticed Grunn
 86340 | Zot:3    | Killed Grunn
 88682 | Slime:1  | Entered Level 1 of the Pits of Slime
 88791 | Slime:1  | Reached skill level 15 in Invocations
 90600 | Slime:5  | Entered Level 5 of the Pits of Slime
 91251 | Slime:5  | Found a viscous altar of Jiyva.
 91630 | Slime:5  | Noticed the Royal Jelly
 92020 | Slime:5  | Was placed under penance by Zin
 92034 | Slime:5  | Killed the Royal Jelly
 92087 | Slime:5  | Identified the +8 giant spiked club of the Glowing Asp
                  | {flame, +Blink rC+ Will+ Str-2}
 92141 | Slime:5  | Got a slimy rune of Zot
 92158 | Slime:5  | Identified the +0 hand axe of the Protecting Moth
                  | {antimagic, rPois rC- Dex+2 SInv}
 92163 | Slime:5  | Was forgiven by Zin
 92170 | Slime:5  | Identified the +1 longbow "Jellyslayer" {elec, rF+ Str+5
                  | Int+4 Dex-5}
 92226 | Slime:5  | Identified the staff of the Doomed Warrior {rN+ rCorr Dex+2
                  | Conj}
 92227 | Slime:5  | Identified the +3 dagger of Qosikhly {drain, *Rage Int+8}
 92250 | Slime:5  | Got a moth-eaten book
 92899 | Depths:2 | Voluntarily entered the Abyss.
 92899 | Abyss:4  | Found a corrupted altar of Lugonu.
 92918 | Abyss:4  | Found a corrupted altar of Lugonu.
 92972 | Depths:2 | Escaped the Abyss
 92974 | Depths:2 | Voluntarily entered the Abyss.
 92979 | Abyss:4  | Found a corrupted altar of Lugonu.
 93021 | Abyss:4  | Found a corrupted altar of Lugonu.
 93159 | Depths:2 | Escaped the Abyss
 93161 | Depths:2 | Voluntarily entered the Abyss.
 93176 | Abyss:4  | Found a corrupted altar of Lugonu.
 93503 | Depths:2 | Escaped the Abyss
 93505 | Depths:2 | Voluntarily entered the Abyss.
 93515 | Abyss:5  | Found a corrupted altar of Lugonu.
 93518 | Depths:2 | Escaped the Abyss
 93520 | Depths:2 | Voluntarily entered the Abyss.
 93556 | Abyss:5  | Found a corrupted altar of Lugonu.
 93557 | Abyss:5  | Found a corrupted altar of Lugonu.
 93573 | Depths:2 | Escaped the Abyss
 93575 | Depths:2 | Voluntarily entered the Abyss.
 93620 | Abyss:5  | Found a corrupted altar of Lugonu.
 93741 | Depths:2 | Escaped the Abyss
 93743 | Depths:2 | Voluntarily entered the Abyss.
 93743 | Abyss:5  | Found a corrupted altar of Lugonu.
 93759 | Depths:2 | Escaped the Abyss
 93761 | Depths:2 | Voluntarily entered the Abyss.
 93761 | Abyss:5  | Found a corrupted altar of Lugonu.
 93834 | Abyss:5  | Found a corrupted altar of Lugonu.
 93869 | Abyss:5  | Found a corrupted altar of Lugonu.
 94087 | Abyss:5  | Paralysed by accursed screaming for 2 turns
 94098 | Abyss:5  | Paralysed by accursed screaming for 1 turns
 94220 | Depths:2 | Escaped the Abyss
 94357 | Depths:2 | Voluntarily entered the Abyss.
 94542 | Depths:2 | Escaped the Abyss
 94568 | Depths:2 | Voluntarily entered the Abyss.
 94589 | Abyss:5  | Found a shimmering altar of Xom.
 94760 | Depths:2 | Escaped the Abyss
 94864 | Depths:2 | Voluntarily entered the Abyss.
 94864 | Abyss:5  | Found a corrupted altar of Lugonu.
 94896 | Abyss:5  | Paralysed by accursed screaming for 1 turns
 94902 | Abyss:5  | Paralysed by accursed screaming for 2 turns
 94923 | Depths:2 | Escaped the Abyss
 95218 | Depths:2 | Voluntarily entered the Abyss.
 95399 | Abyss:5  | Noticed a dread lich
 95410 | Abyss:5  | Killed a dread lich
 95418 | Depths:2 | Escaped the Abyss
 95420 | Depths:2 | Voluntarily entered the Abyss.
 95534 | Depths:2 | Escaped the Abyss
 95536 | Depths:2 | Voluntarily entered the Abyss.
 95555 | Abyss:5  | Noticed an ancient lich
 95564 | Abyss:5  | Killed an ancient lich
 95573 | Abyss:5  | Noticed a dread lich
 95588 | Abyss:5  | Killed a dread lich
 95604 | Abyss:5  | Paralysed by accursed screaming for 1 turns
 95632 | Abyss:5  | Reached skill level 15 in Fire Magic
 95638 | Depths:2 | Escaped the Abyss
 95674 | Depths:2 | Voluntarily entered the Abyss.
 95704 | Depths:2 | Escaped the Abyss
 95706 | Depths:2 | Voluntarily entered the Abyss.
 95706 | Abyss:5  | Found a corrupted altar of Lugonu.
 95863 | Depths:2 | Escaped the Abyss
 95888 | Depths:2 | Voluntarily entered the Abyss.
 95960 | Abyss:5  | Reached skill level 15 in Shapeshifting
 96076 | Depths:2 | Escaped the Abyss
 96078 | Depths:2 | Voluntarily entered the Abyss.
 96153 | Depths:2 | Escaped the Abyss
 96155 | Depths:2 | Voluntarily entered the Abyss.
 96178 | Depths:2 | Escaped the Abyss
 96180 | Depths:2 | Voluntarily entered the Abyss.
 96182 | Abyss:5  | Found a corrupted altar of Lugonu.
 96182 | Abyss:5  | Found a corrupted altar of Lugonu.
 96231 | Abyss:5  | Found a corrupted altar of Lugonu.
 96232 | Abyss:5  | Found a corrupted altar of Lugonu.
 96250 | Abyss:5  | Reached skill level 15 in Spellcasting
 96353 | Abyss:5  | Found a corrupted altar of Lugonu.
 96825 | Abyss:6  | Found a corrupted altar of Lugonu.
 96914 | Depths:2 | Escaped the Abyss
 97299 | Depths:2 | Voluntarily entered the Abyss.
 97299 | Abyss:6  | Found a corrupted altar of Lugonu.
 97400 | Abyss:6  | Paralysed by accursed screaming for 2 turns
 97411 | Abyss:6  | Paralysed by accursed screaming for 2 turns
 97662 | Depths:2 | Escaped the Abyss
 97710 | Hell     | Entered the Vestibule of Hell
 97710 | Hell     | Noticed Geryon
 98645 | Hell     | Killed Geryon
 98779 | Hell     | Found a gateway to the freezing wastes of Cocytus.
 98860 | Hell     | Found a gateway to the ashen valley of Gehenna.
 98922 | Hell     | Found a gateway to the decaying netherworld of Tartarus.
 99005 | Hell     | Found a gateway to the Iron City of Dis.
 99362 | Spider:1 | Killed Roxanne
 99597 | D:7      | Killed justen's ghost
 99695 | D:6      | Killed GreenGuy14's ghost
100315 | Temple   | Fell from the grace of Zin
100315 | Temple   | Became a worshipper of the Shining One
100733 | Tomb:1   | Entered Level 1 of the Tomb of the Ancients
100968 | Tomb:1   | Noticed a royal mummy
100981 | Tomb:1   | Killed a royal mummy
100990 | Tomb:1   | Noticed a royal mummy
101001 | Tomb:1   | Killed a royal mummy
101206 | Tomb:1   | Noticed a royal mummy
101215 | Tomb:1   | Killed a royal mummy
102553 | Zot:5    | Entered Level 5 of the Realm of Zot
103219 | Geh:1    | Entered Level 1 of Gehenna
103487 | Geh:2    | Noticed an ancient lich
103497 | Geh:2    | Killed an ancient lich
103981 | Geh:3    | You fall into a shaft and drop 2 floors!
104797 | Geh:7    | Entered Level 7 of Gehenna
105520 | Geh:7    | Identified the ring "Ihuadoi" {Ice Dex+4}
105528 | Geh:7    | Found the +13 sceptre of Asmodeus
105528 | Geh:7    | Noticed Asmodeus
105541 | Geh:7    | HP: 12/374 [Asmodeus/damnation (30)]
105542 | Geh:7    | Killed from afar by Asmodeus

Illustrated notes

Levels and vault maps discovered:
D:1:      dpeg_arrival_round_a, layout_basic, serial_shops, nicolae_shop_crystal
D:2:      layout_loops_corners, dilly_ecumenical_altar_fadedgnrine
D:3:      layout_loops_corners, kennysheep_generic_room_13, uniq_ijyb
D:4:      layout_basic, nemelex_spade_bored_becter, supply_closet_lemuel,
          guppyfry_early_orc_mine, uniq_sigmund, uniq_natasha
D:5:      layout_loops_ring, nzn_wu_jian_council_hall, minmay_temple_entry_tees
D:6:      layout_basic, lemuel_coloured_pillars_altar, ebering_ghost_sewer_f,
          minivault_11
D:7:      layout_loops_ring, hellmonk_ghost_happy_afterlife, enter_bailey_5
D:8:      layout_rooms, nzn_hepliaklqana_mist_gate
D:9:      layout_loops_corners, nicolae_qazlal_general_emergency,
          overflow_temple_1_default, ashenzari_altar_1,
          grunt_temple_overflow_open, hiddenorc1_lemuel, serial_park_tiny_pond,
          nicolae_shop_sticking_my_neck_out, uniq_maggie
D:10:     layout_basic, david_lair_generic, nicolae_zig_zag_zippers, uniq_lodul,
          uniq_erica
D:11:     layout_roguey [special_room_orc], kb_lookout_dungeons_type,
          uniq_nergalle
D:12:     layout_rooms
D:13:     layout_rooms, david_vaults_4
D:14:     layout_basic, serial_shops, nicolae_square_shop,
          minmay_misc_feat_more_columns
D:15:     hangedman_depths_entry_civil_slaughter, layout_irregular_city,
          minmay_misc_feat_hallway, minmay_guarded_unrand_resistance, uniq_kirke
Temple:   nicolae_temple_hex_pool
Lair:1:   dreamdust_isle_of_ice, layout_layer_cave, grunt_megastairs_3,
          uniq_amaemon
Lair:2:   lemuel_slime, layout_hall_layers, nicolae_swamp_entry_splash_gauntlet,
          gammafunk_ghost_arena, grunt_forest_large_clearings, uniq_sonja,
          uniq_fannar
Lair:3:   wad_woods_04, layout_gridlike, nicolae_spider_entry_non_spiders,
          chequers_serial_rivers_small_b, pdpol_lair_cavern_descent,
          uniq_josephine, uniq_gastronok
Lair:4:   layout_loops_ring, nicolae_slime_entry_slimehenge, special_room
          [special_room_mythical_zoo], grunt_megastairs_5
Lair:5:   due_jungle_book, layout_cave_pods
Swamp:1:  layout_basic_swamp, serial_swamp_ruin, evilmike_swamp_ruin_rubble_2,
          evilmike_swamp_ruin_house_3, hangedman_swamp_ruin_hall
Swamp:2:  layout_falls_marsh, evilmike_swamp_ruin_house_1
Swamp:3:  layout_basic_swamp, nicolae_swamp_tree_isthmus
Swamp:4:  swamp, layout_basic_swamp, infiniplex_staircase_pool_2
Spider:1: gammafunk_boulding_lane, special_room [special_room_bee], uniq_aizul,
          uniq_jorgrun, uniq_roxanne, uniq_mlioglotl
Spider:2: layout_spider_delve, uniq_frances, uniq_arachne
Spider:3: layout_cave_pods
Spider:4: johnstein_spider_rune_arachne_lair
Slime:1:  layout_caves
Slime:2:  layout_caves
Slime:3:  layout_caves, nicolae_slime_welcoming_committee
Slime:4:  layout_caves
Slime:5:  slime_pit_nicolae_jellycorners
Orc:1:    cheibrodos_orc_bank, layout_caves, serial_shops, nicolae_shop_trees,
          portal_ice_cave_demonic_guard, mines4_lemuel
Orc:2:    st_orc_rangers, layout_diamond_mine, basic_altar, nooodl_orcs_dogs
Elf:1:    nicolae_elf_arrival_fired_up, layout_geoelf_octagon, basic_altar,
          serial_shops, shop, minmay_elf_crystal_heptagon, minmay_shop_star,
          uniq_donald
Elf:2:    nicolae_elf_blades_crystal_corner, layout_geoelf_grid, serial_shops,
          nicolae_shop_real_fake_doors, shop, hangedman_elven_pyramids
Elf:3:    grunt_elf_hall_spiral, layout_gridlike
Vaults:1: ontoclasm_vaults_echo, v_rooms_2, nicolae_vaults_little_squares_1,
          ontoclasm_vaults_ring_large, nicolae_vaults_trapezoid_lopsided_1,
          vaults_room_grid, vaults_mumra_chevron, vaults_room_corners,
          nicolae_vaults_tetromino_Z_1, vaults_room_fours,
          layout_vaults_quadrants, serial_shops, freezing_bzr, uniq_zenata
Vaults:2: nicolae_vaults_little_squares_2, nicolae_vaults_shelves_hall,
          hangedman_vaults_stagger, minmay_crypt_entry_simple_plaza,
          nicolae_vaults_tetromino_T_2, nicolae_vaults_heart-shaped_vault,
          hangedman_vaults_locks, vaults_mumra_lcd, v_pattern_5,
          nicolae_vaults_sealed_display, vaults_room_semicircle,
          nicolae_vaults_more_shelving_1, layout_vaults_chaotic_city
Vaults:3: nicolae_vaults_big_angled_halls, v_misc_31,
          nicolae_vaults_security_offices_3,
          nicolae_vaults_windows_and_doors_thing, ontoclasm_vaults_idyll,
          nicolae_vaults_asterisk, nicolae_vaults_storage_closets_2, v_misc_17,
          ontoclasm_vaults_spin, grunt_vaults_focal, nicolae_vaults_wine_cellar,
          layout_vaults_big_cross, serial_shops, shop, uniq_nikola, uniq_margery
Vaults:4: hangedman_vaults_slice, ontoclasm_vaults_gateway, v_pattern_2,
          nicolae_vaults_layer_cake_slice, v_rooms_1,
          nicolae_vaults_little_squares_4, nicolae_vaults_closet_pinwheel_4,
          nicolae_vaults_quartermaster, nicolae_vaults_door_testing_chamber,
          v_misc_30, nicolae_vaults_little_squares_1, vaults_dpeg_hooks,
          layout_vaults_ring, serial_shops, nicolae_shop_scrapyard
Vaults:5: uniq_jory
Crypt:1:  layout_misc_corridors
Crypt:2:  layout_chaotic_city, minmay_guarded_unrand_curses, uniq_bai_suzhen
Crypt:3:  church_of_pain_bobbens, layout_chaotic_city, nicolae_danse_macabre,
          uniq_xtahua
Tomb:1
Depths:1: layout_basic, enter_ziggurat_d, pan_entry, hell_entry,
          kennysheep_small_spiral, kennysheep_generic_room_3
Depths:2: nicolae_hitomezashi [nicolae_hito_row, nicolae_hito_row,
          nicolae_hito_row, nicolae_hito_row, nicolae_hito_row,
          nicolae_hito_row, nicolae_hito_row, nicolae_hito_row,
          nicolae_hito_row, nicolae_hito_row, nicolae_hito_row,
          nicolae_hito_row, nicolae_hito_row, nicolae_hito_row,
          nicolae_hito_row, nicolae_hito_row, nicolae_hito_row,
          nicolae_hito_row], layout_honeycomb,
          nicolae_abyss_entry_one_way_or_another, grunt_pan_entry_in_and_out,
          pf_hell_entry_tar_spiral, serial_bayou_shore_b,
          infiniplex_staircase_pillars_1
Depths:3: gammafunk_mikee_crab_dinner, layout_small_grid, serial_glass,
          glass_columns_a, glass_columns_a, glass_columns_a, glass_columns_a,
          glass_columns_b, feat_on_display, minmay_strange_pillars,
          unseen_surprise_small, due_unseen_surprise, abyss_entry_flame_altar,
          grunt_mini_vestibule, infiniplex_staircase_squiggle
Depths:4: grunt_runaround [grunt_runaround_doors_1, grunt_runaround_doors_2,
          grunt_runaround_doors_3, grunt_runaround_doors_4,
          grunt_runaround_zot], hell_entry, uniq_parghit
Hell
Geh:1:    layout_gehenna_pools_basic
Geh:2:    layout_gehenna_pools_basic
Geh:3:    layout_gehenna_pools_triple
Geh:4:    layout_gehenna_pools_triple
Geh:5:    layout_gehenna_lava_caves
Geh:6:    layout_gehenna_pools_triple
Geh:7:    geh_old
Zot:1:    hangedman_zot_vaults_quadrants, layout_concentric_octagons
Zot:2:    layout_misc_corridors, hangedman_snake_sidewinding
Zot:3:    grunt_zot_stairs_faceoff, layout_cathedral_of_symmetry, uniq_grunn
Zot:4:    layout_gridville
Zot:5:    layout_basic

Skill      XL: |  1  2  3  4  5  6  7  8  9 10 11 12 13 14 15 16 17 18 19 20 21 22 23 24 25 26 27 |
---------------+----------------------------------------------------------------------------------+-----
Axes           | 3 4 5 6 7 8 11 14 17 18 | 18.0
Shields        | 1 2 5 6 9 11 12 13 14 16 18 19 21 22 23 24 26 27 | 27.0
Fighting       | 4 5 8 10 11 12 13 14 24 | 24.6
Armour         | 1 3 4 5 7 8 9 11 13 14 15 16 17 21 | 21.1
Dodging        | 2 3 4 5 6 7 8 9 10 11 12 18 | 18.0
Spellcasting   | 1 3 5 6 7 8 9 10 15 | 15.5
Transmutations | 1 3 4 5 6 7 8 9 10 11 | 11.8
Shapeshifting  | 2 5 6 7 8 9 10 11 21 | 21.8
Invocations    | 4 17 | 17.9
Fire Magic     | 16 | 16.0
Stealth        | |  7.2

Action                     |  1- 3 |  4- 6 |  7- 9 | 10-12 | 13-15 | 16-18 | 19-21 | 22-24 | 25-27 || total
---------------------------+-------+-------+-------+-------+-------+-------+-------+-------+-------++-------
  Melee: Hand axe          |     1 |   158 |   439 |   812 |  1250 |   775 |       |       |       ||  3435
         Constrict         |       |       |       |       |   168 |   302 |   279 |   295 |  1288 ||  2332
         Demon whip        |       |       |       |       |    31 |    29 |       |       |       ||    60
         Broad axe         |       |       |       |       |       |   989 |  1713 |  1878 |  7762 || 12342
         Unarmed           |       |       |       |       |       |    21 |       |       |       ||    21
         War axe           |       |       |       |       |       |       |   176 |       |       ||   176
  Throw: Dart              |       |     7 |     4 |    13 |     7 |     4 |       |     8 |       ||    43
         Javelin           |       |       |     6 |    10 |       |       |       |       |       ||    16
         Boomerang         |       |       |       |     2 |       |       |       |       |       ||     2
   Cast: Wereblood         |       |       |       |       |       |       |    14 |    33 |    12 ||    59
 Invoke: Call Merchant     |       |       |       |     1 |       |       |       |     6 |     3 ||    10
         Potion Petition   |       |       |       |       |       |     1 |       |     1 |     1 ||     3
         Divine Shield     |       |       |       |       |       |       |       |       |     6 ||     6
         Brand Weapon With |       |       |       |       |       |       |       |       |     1 ||     1
         Vitalisation      |       |       |       |       |       |       |       |       |    20 ||    20
         Sanctuary         |       |       |       |       |       |       |       |       |     4 ||     4
         Cleansing Flame   |       |       |       |       |       |       |       |       |     2 ||     2
         Summon Divine War |       |       |       |       |       |       |       |       |     1 ||     1
Ability: Spit Poison       |     5 |     3 |     3 |     1 |       |       |     1 |     1 |       ||    14
         Breathe Poison Ga |       |       |       |       |       |     6 |     2 |       |       ||     8
  Evoke: Wand              |     4 |     1 |    15 |    33 |    17 |     5 |     6 |     3 |     5 ||    89
         Sack of spiders   |       |       |       |     1 |     1 |     1 |       |       |     2 ||     5
         Phial of floods   |       |       |       |       |       |       |       |     1 |     1 ||     2
    Use: Potion            |       |     1 |       |     1 |     3 |    13 |     2 |     1 |    27 ||    48
         Scroll            |       |       |     1 |    18 |    10 |    19 |     5 |    19 |    21 ||    93
   Stab: Sleeping          |       |    12 |     3 |       |       |       |       |       |       ||    15
         Distracted        |       |       |     3 |     3 |     6 |    18 |    16 |    14 |    14 ||    74
         Invisible         |       |       |       |       |    15 |       |       |    15 |    20 ||    50
         Paralysed         |       |       |       |       |       |     3 |       |       |     5 ||     8
         Petrified         |       |       |       |       |       |       |       |     1 |     2 ||     3
         Petrifying        |       |       |       |       |       |       |       |     1 |     1 ||     2
 Armour: Leather armour    |     2 |    63 |       |       |       |       |       |       |       ||    65
         Scale mail        |       |    27 |   152 |       |       |       |       |       |       ||   179
         Chain mail        |       |    10 |   132 |   470 |   173 |       |       |       |       ||   785
         Plate armour      |       |       |       |       |   426 |  1255 |  1162 |  1049 |       ||  3892
         Skin              |       |       |       |       |       |    42 |       |       |   357 ||   399
         Crystal plate arm |       |       |       |       |       |       |       |   110 |  3916 ||  4026
  Dodge: Dodged            |     1 |    69 |   204 |   274 |   301 |   583 |   452 |   484 |  1423 ||  3791
  Block: Buckler           |       |    17 |   110 |   425 |   563 |   630 |       |       |       ||  1745
         Reflection        |       |       |       |     7 |     9 |    76 |    99 |   147 |   179 ||   517
         Kite shield       |       |       |       |       |       |  1040 |  1807 |  1932 |  7065 || 11844
         Other             |       |       |       |       |       |     4 |       |       |       ||     4
   Form: Statue            |       |       |       |       |       |       |       |       |     1 ||     1

Table legend: (Time is in decaauts)
 A = Elapsed time spent in this place.
 B = Non-inter-level travel time spent in this place.
 C = Inter-level travel time spent in this place.
 D = Time resting spent in this place.
 E = Time spent auto-exploring this place.
 F = Levels seen in this place.
 G = Mean time per level.
                   A        B        C        D        E       F      G
               +--------+--------+--------+--------+--------+-----+--------+
         Total | 126391 | 109152 |  17239 |  17566 |  61022 | 152 |  831.5 |
       Dungeon |  28714 |  21380 |   7334 |   3462 |  13639 |  15 | 1914.3 |
        Temple |    214 |     10 |    204 |      0 |      0 |   1 |  214.0 |
          Lair |  15153 |  12865 |   2288 |   3688 |   6615 |   5 | 3030.6 |
         Swamp |   4045 |   3758 |    287 |    352 |   2540 |   4 | 1011.2 |
   Spider Nest |   7832 |   7360 |    472 |   1069 |   4676 |   4 | 1958.0 |
    Slime Pits |   4640 |   3814 |    826 |    897 |   1924 |   5 |  928.0 |
  Orcish Mines |   2992 |   2381 |    611 |     32 |   1775 |   2 | 1496.0 |
   Elven Halls |   6037 |   5591 |    446 |   1503 |   2527 |   3 | 2012.3 |
        Vaults |  10679 |   9182 |   1497 |    670 |   6157 |   5 | 2135.8 |
         Crypt |   3824 |   3369 |    455 |    110 |   2237 |   3 | 1274.7 |
          Tomb |   1719 |   1678 |     41 |    289 |    776 |   1 | 1719.0 |
        Depths |  11157 |   9510 |   1647 |   3663 |   3230 |   4 | 2789.2 |
          Hell |    632 |    566 |     66 |     40 |    371 |   1 |  632.0 |
       Gehenna |   3319 |   3080 |    239 |    299 |   1740 |   7 |  474.1 |
           Zot |   6596 |   5777 |    819 |    654 |   3885 |   5 | 1319.2 |
         Abyss |  16671 |  16671 |      0 |    454 |   8042 |  84 |  198.5 |
        Bazaar |    197 |    197 |      0 |      0 |    146 |   1 |  197.0 |
        Bailey |    885 |    885 |      0 |    166 |    340 |   1 |  885.0 |
      Ice Cave |   1077 |   1077 |      0 |    214 |    395 |   1 | 1077.0 |
               +--------+--------+--------+--------+--------+-----+--------+

Top non-repeatable levels by time:
 Abyss:1: 6197 daAuts
Depths:2: 5180 daAuts
 Abyss:4: 4571 daAuts
  Lair:1: 4040 daAuts
  Lair:3: 3539 daAuts
   Elf:2: 3342 daAuts
  Lair:5: 3185 daAuts
     D:6: 3132 daAuts
 Abyss:5: 2869 daAuts
Spider:4: 2837 daAuts
Vaults:1: 2491 daAuts
     D:3: 2490 daAuts
    D:10: 2423 daAuts
Vaults:4: 2415 daAuts
Depths:4: 2316 daAuts
